 Dungeon Crawl Stone Soup version 0.32-a0-411-g744942f433 (webtiles) character file.

Game seed: 14851513817991521849

3136 lunkers the Slicer (level 9, -2/68 HPs)
             Began as a Coglin Brigand on Feb 21, 2024.
             Was an Initiate of Gozag.
             Slain by a gnoll
             ... wielding a +0 spear of distortion
             ... led by a gnoll bouda
              (17 damage)
             ... on level 7 of the Dungeon.
             The game lasted 00:10:27 (6474 turns).

lunkers the Slicer (Coglin Brigand)                 Turns: 6474, Time: 00:10:28

Health: -2/68      AC:  8    Str: 16    XL:     9   Next: 92%
Magic:  0/9        EV: 12    Int: 10    God:    Gozag
Gold:   481        SH:  0    Dex: 16    Spells: 8/8 levels left

rFire   . . .        a - +2 dagger (spect) {Sizwe}
rCold   . . .        z - +5 dagger (venom) {Tejnoor}
rNeg    . . .        L - +1 ring mail {rPois}
rPois   +            (no helmet)
rElec   .            e - +1 cloak
rCorr   .            (no gloves)
SInv    .            x - +2 pair of boots
Will    .....        A - amulet of guardian spirit
Stlth   ++           (no ring)
HPRegen 0.31/turn    (no ring)
MPRegen 0.11/turn

%: guardian spirit
@: about to teleport, corroded, gold aura, immotile, revved
A: off-hand wielding, slow wielding, warmup strikes, legs shutdown
a: Renounce Religion, Potion Petition, Call Merchant, Bribe Branch


You were on level 7 of the Dungeon.
You worshipped Gozag.
Gozag was aware of your devotion.
You visited 1 branch of the dungeon, and saw 7 of its levels.

You collected 600 gold pieces.
You spent 52 gold pieces at shops.
You paid 67 gold pieces to Gozag.

Inventory:

Hand Weapons
 a - a +2 spectral dagger (weapon) {Sizwe}
 g - a +0 dagger {Yuina}
 y - a +0 rapier
 z - a +5 dagger of venom (offhand) {Tejnoor}
Missiles
 b - 3 curare-tipped darts
 d - 18 poisoned darts
 E - a throwing net
Armour
 e - a +1 cloak (worn)
 k - a +3 chain mail
 r - a +0 ring mail
 x - a +2 pair of boots (worn)
 L - a +1 ring mail of poison resistance (worn)
Jewellery
 A - an amulet of guardian spirit (around neck)
Wands
 s - a wand of roots (4)
 C - a wand of flame (25)
 J - a wand of digging (3)
Scrolls
 c - a scroll of silence
 n - a scroll of blinking
 o - 2 scrolls of teleportation
Potions
 f - 2 potions of resistance
 i - a potion of berserk rage
 j - 3 potions of mutation
 l - a potion of invisibility {unknown}
 p - 2 potions of lignification
 q - 2 potions of cancellation
 t - a potion of brilliance {unknown}
 u - 2 potions of might
 B - 2 potions of magic
 D - a potion of heal wounds {unknown}
 F - a potion of enlightenment {unknown}
 G - 2 potions of curing
 I - a potion of haste {unknown}


   Skills:
 + Level 5.2 Fighting
 - Level 9.0 Short Blades
 - Level 1.7 Throwing
 + Level 4.1 Armour
 + Level 4.3 Dodging
 - Level 3.2 Stealth
 - Level 6.0 Evocations


You had 8 spell levels left.
You didn't know any spells.
Your spell library contained the following spells:

 Spells                   Type           Power      Damage    Failure   Level
 Freeze                   Ice            0%         1d3       56%         1
 Frozen Ramparts          Ice            0%         1d1       90%         3
 Hailstorm                Conj/Ice       0%         3d5       90%         3
 Inner Flame              Hex/Fire       0%         N/A       90%         3
 Irradiate                Conj/Alch      0%         3d11      100%        5
 Iskenderun's Battlesphe  Conj           0%         2d6       100%        5
 Bombard                  Conj/Erth      0%         9d1       100%        6
 Spellforged Servitor     Conj/Summ      0%         N/A       100%        7
 Ignition                 Fire           0%         3d3       100%        8


Dungeon Overview and Level Annotations

Branches:
Dungeon (7/15)             Temple (0/1) D:6

Altars:
Gozag
Hepliaklqana
Makhleb
Uskayaw
The Shining One

Shops:
D:7 !


Innate Abilities, Weirdness & Mutations

You can wield a second weapon in your off-hand.
It takes a long time for you to wield or remove held weapons.
Your first few attacks do less damage.
Attacking and casting redirects power from your legs.


Message History

You barely miss the jelly with your +5 dagger of venom.
The jelly is no longer distracted by gold.
The jelly quivers.
The jelly is severely wounded.
You hit the jelly but do no damage.
Your graspers burn!
* * * LOW HITPOINT WARNING * * *
The jelly is distracted by your dazzling golden aura.
The gnoll bouda is distracted by your dazzling golden aura.
Unknown command.
The gnoll bouda shouts!
The jelly quivers.
You hit the jelly with your +5 dagger of venom.
You kill the jelly!
Unknown command.
Unknown command.
You are no longer unable to travel.
A magic dart appears from out of thin air!
The magic dart hits you.
* * * LOW HITPOINT WARNING * * *
Your surroundings suddenly seem different.
Found a burning altar of Makhleb.
The orc is no longer distracted by gold.
The gnoll bouda is no longer distracted by gold.
Unknown command.
As you read the scroll of teleportation, it crumbles to dust.
You feel strangely unstable.
The gnoll bouda barks out a call to the hunt!
The gnoll picks up the pace!
The kobold hits you but does no damage.
Unknown command.
You hit the kobold but do no damage.
You closely miss the kobold with your +5 dagger of venom.
Your +2 spectral dagger {Sizwe} hits the kobold but does no damage.
The gnoll is no longer moving quickly.
The gnoll hits you from afar with a +0 spear of distortion.
* * * LOW HITPOINT WARNING * * *
Space warps horribly around you!!
* * * LOW MAGIC WARNING * * *
You die...
Your body crumbles into a pile of gold.

#....# ####..#
#$$..'..#
#...)#
##.###.$..#..#
#..))#
#....$...#..#
####.#
#####..$######
.#
#.###...##$##
.#
#.##.ß.ß.#.# #
#.##.._..#.#
#.##.ß(o.#$#
#.# #.@Kg#{#'
#.# #####g..#
.⌠... #...##
'#!#' .#.#.


You could see 2 gnolls, an orc, a kobold and a friendly +2 spectral dagger
{Sizwe}.

Vanquished Creatures
  Eustachio (D:6)
  2 water moccasins
  2 orc warriors
  A sky beast (D:7)
  2 black bears
  4 ice beasts
  2 ogres
  2 phantoms
  A kobold brigand (D:7)
  2 gnoll sergeants
  4 scorpions
  A crimson imp (D:4)
  A bombardier beetle (D:6)
  2 jellies
  Crazy Yiuf (D:2)
  An orc priest (D:7)
  4 hounds
  Ijyb (D:3)
  Jessica (D:3)
  7 iguanas
  6 orc wizards
  Natasha (twice) (D:2)
  9 gnolls
  12 adders
  A shadow imp (D:6)
  A white imp (D:6)
  3 dart slugs
  3 ribbon worms
  19 orcs
  9 endoplasms
  2 giant cockroaches
  5 goblins
  10 hobgoblins
  13 jackals
  4 quokkas
  9 ball pythons
  7 bats
  5 frilled lizards
  A goblin zombie (D:4)
  A hobgoblin zombie (D:4)
  8 kobolds
  2 kobold skeletons (D:4)
  2 kobold zombies (D:4)
  3 orc skeletons (D:4)
  An orc zombie (D:4)
  3 rats
183 creatures vanquished.

Notes
Turn   | Place    | Note
-------+----------+-------------------------------------------
     0 | D:1      | lunkers the Coglin Brigand began the quest for the Orb.
     0 | D:1      | Reached XP level 1. HP: 16/16 MP: 1/1
    38 | D:1      | Reached skill level 2 in Short Blades
    55 | D:1      | Reached XP level 2. HP: 17/22 MP: 2/2
   175 | D:1      | Reached skill level 3 in Short Blades
   183 | D:1      | Reached XP level 3. HP: 27/27 MP: 3/3
   523 | D:1      | Found a faded altar of an unknown god.
   571 | D:1      | Reached XP level 4. HP: 33/33 MP: 4/4
   693 | D:2      | Reached skill level 4 in Short Blades
  1083 | D:2      | Noticed Natasha
  1090 | D:2      | Reached XP level 5. HP: 38/38 MP: 5/5
  1099 | D:2      | Killed Natasha
  1326 | D:2      | Reached skill level 5 in Short Blades
  1438 | D:2      | Found a runed translucent door.
  1439 | D:2      | Noticed Crazy Yiuf
  1450 | D:2      | HP: 1/38 [Crazy Yiuf/+3 quarterstaff of chaos (2)]
  1482 | D:2      | Killed Crazy Yiuf
  1640 | D:2      | Identified the +1 hammer "Gufut" {freeze, Int+4}
  1667 | D:2      | Noticed Natasha
  1673 | D:2      | Killed Natasha
  1926 | D:3      | Reached XP level 6. HP: 41/44 MP: 6/6
  1945 | D:3      | Noticed Jessica
  1947 | D:3      | Killed Jessica
  2228 | D:3      | Noticed Ijyb
  2235 | D:3      | Killed Ijyb
  2334 | D:3      | Found a hazy altar of Hepliaklqana.
  2349 | D:3      | Reached skill level 6 in Short Blades
  2424 | D:3      | Reached skill level 1 in Evocations
  2572 | D:4      | Found a hide-covered altar of Uskayaw.
  2646 | D:4      | Reached XP level 7. HP: 50/50 MP: 7/7
  3034 | D:4      | Found a glowing golden altar of the Shining One.
  3319 | D:5      | Entered Level 5 of the Dungeon
  3333 | D:5      | Reached skill level 7 in Short Blades
  3421 | D:5      | Reached skill level 5 in Evocations
  3432 | D:5      | Reached XP level 8. HP: 45/56 MP: 8/8
  3509 | D:5      | Found an opulent altar of Gozag.
  3633 | D:5      | Became a worshipper of Gozag Ym Sagoz the Greedy
  3928 | D:5      | Reached skill level 8 in Short Blades
  4130 | D:5      | HP: 2/56 [gnoll sergeant/+0 spear (4)]
  4679 | D:6      | Reached skill level 9 in Short Blades
  4734 | D:6      | Reached skill level 1 in Dodging
  4741 | D:6      | Reached skill level 1 in Armour
  4769 | D:6      | Reached XP level 9. HP: 35/62 MP: 4/9
  5274 | D:6      | Found a staircase to the Ecumenical Temple.
  5379 | D:6      | Noticed Eustachio
  5393 | D:6      | Killed Eustachio
  6098 | D:7      | Found Xiedosa's Distillery.
  6204 | D:7      | Bought a potion of might for 52 gold pieces
  6372 | D:7      | Reached skill level 5 in Fighting
  6472 | D:7      | Found a burning altar of Makhleb.
  6474 | D:7      | Slain by a gnoll

Illustrated notes

Levels and vault maps discovered:
D:1:      scummos_arrival_simple_fountains, layout_basic,
          hellmonk_ecumenical_altar_crossroads
D:2:      layout_loops_ring, corexii_shack, minmay_split_cup_small,
          uniq_natasha, uniq_crazy_yiuf_cottage
D:3:      layout_loops_corners, lemuel_crystal_altar, uniq_ijyb, uniq_jessica
D:4:      layout_loops_ring, nicolae_tso_besieged_by_evil,
          nicolae_uskayaw_dance_hall, grunt_decor_resistance
D:5:      layout_cave_pools, mainiacjoe_overflow_small_starburst
D:6:      layout_layer_cave, minmay_temple_entry_glass, uniq_eustachio
D:7:      layout_basic, grunt_temple_overflow_cloverleaf, serial_shops, shop,
          eino_tiny_chamber

Skill      XL: |  1  2  3  4  5  6  7  8  9 |
---------------+----------------------------+-----
Short Blades   | 2 3 4 5 6 7 9 |  9.0
Evocations     | 2 5 6 |  6.0
Dodging        | 1 4 |  4.3
Armour         | 1 4 |  4.1
Fighting       | 5 |  5.2
Throwing       | |  1.7
Stealth        | |  3.2

Action                     |  1- 3 |  4- 6 |  7- 9 || total
---------------------------+-------+-------+-------++-------
  Melee: Dagger            |    69 |   297 |   732 ||  1098
  Throw: Dart              |       |    12 |       ||    12
  Evoke: Wand              |       |       |     1 ||     1
    Use: Scroll            |       |       |    23 ||    23
   Stab: Sleeping          |     7 |     3 |     4 ||    14
         Distracted        |       |     1 |     2 ||     3
 Armour: Robe              |    11 |    11 |       ||    22
         Ring mail         |       |    76 |   198 ||   274
  Dodge: Dodged            |    17 |    62 |   116 ||   195

Table legend: (Time is in decaauts)
 A = Elapsed time spent in this place.
 B = Non-inter-level travel time spent in this place.
 C = Inter-level travel time spent in this place.
 D = Time resting spent in this place.
 E = Time spent auto-exploring this place.
 F = Levels seen in this place.
 G = Mean time per level.
                   A        B        C        D        E       F      G
               +--------+--------+--------+--------+--------+-----+--------+
         Total |   6239 |   6002 |    237 |     30 |   4831 |   7 |  891.3 |
       Dungeon |   6239 |   6002 |    237 |     30 |   4831 |   7 |  891.3 |
               +--------+--------+--------+--------+--------+-----+--------+

Top non-repeatable levels by time:
     D:6: 1340 daAuts
     D:5: 1123 daAuts
     D:2: 1040 daAuts
     D:4: 894 daAuts
     D:3: 857 daAuts
     D:1: 595 daAuts
     D:7: 387 daAuts
